 Dungeon Crawl Stone Soup version 0.19.0-2-gae57169 (webtiles) character file.

103 poirepourri the Skirmisher (level 4, -2/30 HPs)
             Began as a Gargoyle Fighter on Nov 3, 2016.
             Slain by a gnoll
             ... wielding a +0 spear
              (4 damage)
             ... on level 2 of the Dungeon.
             The game lasted 00:02:18 (1641 turns).

poirepourri the Skirmisher (Gargoyle Fighter)       Turns: 1641, Time: 00:02:18

Health: -2/30      AC: 10    Str: 25    XL:     4   Next: 79%
Magic:  4/4        EV:  8    Int:  8    God:
Gold:   80         SH:  9    Dex: 10    Spells: 0 memorised, 3 levels left

rFire  . . .     SeeInvis .     a - +0 flail
rCold  . . .     Gourm    .     b - +0 scale mail
rNeg   + . .     Faith    .     c - +0 shield
rPois  ∞         Spirit   .     (no helmet)
rElec  +         Reflect  .     (no cloak)
rCorr  .         Harm     .     (no gloves)
MR     .....                    (no boots)
Stlth  ..........               (no amulet)
                                (no ring)
                                (no ring)

@: mighty
A: negative energy resistance 1, electricity resistance, unbreathing,
petrification resistance, rot immunity, AC +3
a: no special abilities


You were on level 2 of the Dungeon.
You were not hungry.

You visited 1 branch of the dungeon, and saw 2 of its levels.

You collected 80 gold pieces.

Inventory:

Hand Weapons
 a - a +0 flail (weapon)
Missiles
 h - 30 bolts
 o - 8 tomahawks (quivered)
 r - 2 throwing nets
Armour
 b - a +0 scale mail (worn)
 c - a +0 shield (worn)
 p - a +0 large shield of protection
Scrolls
 i - a scroll of immolation {unknown}
 s - 2 scrolls of teleportation {unknown}
 u - a scroll of amnesia {unknown}
 v - a scroll of recharging {unknown}
Potions
 e - a potion of invisibility {unknown}
 g - 5 potions of ambrosia
 j - 2 potions of flight
 k - a potion of degeneration {unknown}
 m - 2 potions of agility {unknown}
 n - a potion of lignification {unknown}
 q - a potion of haste {unknown}
 t - a potion of curing {unknown}
Comestibles
 f - a bread ration
 l - a meat ration


   Skills:
 + Level 4.3 Fighting
 + Level 3.7 Maces & Flails
 - Level 3.2 Armour
 + Level 1.0 Dodging
 - Level 3.2 Shields


You had 3 spell levels left.
You didn't know any spells.

Dungeon Overview and Level Annotations

Branches:
Dungeon (2/15)

Altars:
Okawaru
Trog


Innate Abilities, Weirdness & Mutations

You are resistant to torment.
Your stone body is resilient. (AC +3)
You are immune to poison.
You resist negative energy. (rN+)
You are resistant to electric shocks. (rElec)
You can survive without breathing.
You are immune to petrification.
You are immune to rotting.


Message History

You feel very mighty all of a sudden.
The gnoll hits you from afar with a spear.
The gnoll closely misses you.
You hit the gnoll.
The gnoll is severely wounded.
You block the gnoll's attack.
The gnoll hits you but does no damage. x2
You sock the gnoll!
You kill the gnoll!
The gnoll hits you but does no damage. The gnoll closely misses you.
You thump the gnoll!
The gnoll is severely wounded.
The gnoll hits you from afar with a spear!
* * * LOW HITPOINT WARNING * * *
The gnoll hits you.
* * * LOW HITPOINT WARNING * * *
You sock the gnoll!
You kill the gnoll!
Your Dodging skill increases to level 1!
The gnoll hits you from afar with a spear.
You die...

#........#.# #.#.....
#........#.# #.######
#........#.# #.....##
######.######.#
#####.## #.......# #.#
#.## #.......## #.#
#.## #......g.# #.#
#.## #......#)# #.#
######.## #......#@##
#.# #...##.##
#......#..# #.#
#.#.##...
#....gg##.###.#
#.#.#####
#......##..##.###.#.#
#
#......##.........#.#
#
#......##..##.#####.#
# ####...##...#.#
#.##### #...##.#.#.#
#......
#...##.#)..###########


You could see a gnoll.

Vanquished Creatures
  3 gnolls (D:2)
  An adder (D:2)
  3 oozes
  A worm (D:2)
  A leopard gecko (D:1)
  A ball python (D:2)
  3 giant cockroaches
  5 goblins (D:1)
  3 hobgoblins (D:1)
  5 jackals (D:1)
  A quokka (D:2)
  4 bats
  4 frilled lizards
  8 kobolds
  8 rats
51 creatures vanquished.

Vanquished Creatures (others)
  A bat (D:1)
1 creature vanquished.

Grand Total: 52 creatures vanquished

Notes
Turn   | Place    | Note
-------+----------+-------------------------------------------
     0 | D:1      | poirepourri the Gargoyle Fighter began the quest for the Orb.
     0 | D:1      | Reached XP level 1. HP: 14/14 MP: 1/1
    64 | D:1      | Reached XP level 2. HP: 20/20 MP: 2/2
   173 | D:1      | Reached skill level 4 in Fighting
   286 | D:1      | Reached XP level 3. HP: 24/24 MP: 3/3
  1016 | D:2      | Reached XP level 4. HP: 24/30 MP: 4/4
  1095 | D:2      | Found an iron altar of Okawaru.
  1606 | D:2      | Found a bloodstained altar of Trog.
  1641 | D:2      | Reached skill level 1 in Dodging
  1641 | D:2      | Slain by a gnoll

Skill      XL: |  1  2  3  4 |
---------------+-------------+-----
Fighting       | 4 |  4.3
Maces & Flails | 3 |  3.7
Dodging        | 1 |  1.0
Armour         | |  3.2
Shields        | |  3.2

Action                   |  1- 3 |  4- 6 || total
-------------------------+-------+-------++-------
Melee: Flail             |   128 |    45 ||   173
  Use: Scroll            |     3 |       ||     3
       Potion            |       |     1 ||     1
  Eat: Bread ration      |     1 |       ||     1
       Beef jerky        |       |     1 ||     1
Armor: Scale mail        |    84 |    18 ||   102
Dodge: Dodged            |    63 |     9 ||    72
Block: Shield            |   109 |    31 ||   140
